 Dungeon Crawl Stone Soup version 0.32-a0-558-g233958a4c4 (webtiles) character file.

Game seed: 14422708378016627089

9 Goblin1989 the Sneak (level 2, 0/24 HPs)
             Began as a Demonspawn Delver on Mar 1, 2024.
             Was a Plaything of Xom.
             Succumbed to a goblin's poison
             ... on level 2 of the Dungeon.
             The game lasted 00:06:57 (816 turns).

Goblin1989 the Sneak (Demonspawn Delver)             Turns: 816, Time: 00:06:57

Health: 0/24       AC:  3    Str: 12    XL:     2   Next: 3%
Magic:  2/2        EV: 11    Int: 10    God:    Xom [......]
Gold:   36         SH:  0    Dex: 14    Spells: 1/1 levels left

rFire   . . .        a - +0 mace
rCold   . . .        (no shield)
rNeg    . . .        b - +0 leather armour
rPois   .            (helmet restricted)
rElec   .            (no cloak)
rCorr   .            (no gloves)
SInv    .            (no boots)
Will    .....        (no amulet)
Stlth   ++           (no ring)
HPRegen 0.24/turn    (no ring)
MPRegen 0.08/turn

%: no passive effects
@: lethally poisoned (0 -> -8)
A: horns 1
a: Renounce Religion


You were on level 2 of the Dungeon.
You worshipped Xom.
You were a very special plaything of Xom.
You visited 2 branches of the dungeon, and saw 6 of its levels.

You collected 36 gold pieces.

Inventory:

Hand Weapons
 a - a +0 mace (weapon)
Armour
 b - a +0 leather armour (worn)
Wands
 g - a wand of digging (3) {@v3}
Scrolls
 h - a scroll of blinking {unknown}


   Skills:
 - Level 3.0 Fighting
 + Level 2.5 Maces & Flails
 - Level 1.7 Dodging
 - Level 4.5 Stealth


You had one spell level left.
You didn't know any spells.
Your spell library was empty.

Dungeon Overview and Level Annotations

Branches:
Dungeon (6/15) Zot: 26895  Temple (1/1) D:5 Zot: 5979

Altars:
Gozag
Hepliaklqana
Kikubaaqudgha
Makhleb
Qazlal
Sif Muna
Trog
Xom
Yredelemnul

Shops:
D:6 *


Innate Abilities, Weirdness & Mutations

You have a pair of small horns on your head.


Message History

The rat bites you.
You take 2 damage, and have 16/18 hp.
The kobold shouts!
You hit the rat but do no damage.
The rat is heavily wounded.
The rat bites you but does no damage. x2
You hit the rat.
You kill the rat!
You hit the kobold but do no damage. The kobold barely misses you.
You closely miss the kobold. The kobold hits you with a +0 hand axe.
You take 2 damage, and have 15/18 hp.
You hit the kobold.
You kill the kobold!
No target in view!
No target in view!
HP restored.
Found a stone staircase leading up.
Health restored: 18
There is a stone staircase leading up here.
You climb upwards.
There is a stone staircase leading down here.
A bat comes into view.
The bat hits you but does no damage.
You sock the bat!
You kill the bat!
No target in view!
No target in view!
A rat comes into view.
Found a whip.
You see here a bat corpse.
The rat squeaks loudly.
You hit the rat but do no damage. The rat bites you but does no damage.
You hit the rat but do no damage. The rat closely misses you.
You hit the rat.
You kill the rat!
No target in view!
No target in view!
You see here a rat corpse.
You see here a +0 whip.
You now have 36 gold pieces (gained 5).
You see here a +0 whip.
A goblin comes into view. It is wielding a +1 dagger of venom.
The goblin shouts!
You hear a shout!
You hit the goblin but do no damage.
The goblin hits you with a +1 dagger of venom.
You are poisoned.
You take 3 damage, and have 15/18 hp.
You miss the goblin.
You feel very sick. The goblin barely misses you.
A kobold comes into view. It is wielding a +0 dagger.
You take 4 damage, and have 11/18 hp.
MASSIVE DAMAGE!!
You closely miss the goblin.
You feel sick. The goblin misses you.
You take 2 damage, and have 9/18 hp.
You are too injured to fight recklessly!
You are too injured to fight recklessly!
You barely miss the goblin.
You feel sick. The goblin barely misses you. The kobold completely misses you.
The goblin closely misses you.
It was a potion of curing.
You feel better.
The goblin hits you with a +1 dagger of venom.
You are poisoned.
The kobold hits you but does no damage.
You regained 6 hp, and now have 15/18 hp.
You hit the goblin.
The goblin is severely wounded.
You feel very sick. The goblin barely misses you.
The kobold hits you with a +0 dagger.
You take 4 damage, and have 11/18 hp.
MASSIVE DAMAGE!!
You barely miss the goblin.
The goblin is severely wounded.
You feel sick. The goblin hits you but does no damage.
You are lethally poisoned!
The kobold hits you but does no damage.
You take 2 damage, and have 9/18 hp.
You hit the goblin but do no damage.
The goblin is severely wounded.
* * * LOW HITPOINT WARNING * * *
You feel very sick. The goblin closely misses you.
The kobold hits you but does no damage. The kobold hits you with a +0 dagger.
* * * LOW HITPOINT WARNING * * *
The goblin closely misses you.
You take 5 damage, and have 4/18 hp.
MASSIVE DAMAGE!!
You sock the goblin!
You kill the goblin!
* * * LOW HITPOINT WARNING * * *
You feel very sick.
Xom makes a sudden noise!
You hear a high-pitched scream!
You are now a very special plaything of Xom.
The kobold hits you but does no damage.
You have reached level 2!
You feel monstrous as your demonic heritage exerts itself.
Your demonic ancestry asserts itself...
A pair of horns grows on your head!
You take 3 damage, and have 1/24 hp.
MP restored: 2 Unknown command.
You closely miss the kobold.
You die...
Xom is highly amused!

█████████..█.███████.........
█...██ █......██.████ █...█
█.████.██.█ █...█ █.█ █.██.█
█...█ █.█ █....█ ███...██ █.█


██████ ██......███.████████ █................... .█...K@....████████ ██.█)██████
█. █. █. █. █. █. █. You could see a kobold.

Vanquished Creatures
  A bat (D:2)
  An endoplasm (D:3)
  A giant cockroach (D:3)
  A goblin (D:2)
  A kobold (D:3)
  A frilled lizard (D:3)
  2 rats
8 creatures vanquished.

Notes
Turn   | Place    | Note
-------+----------+-------------------------------------------
     0 | D:5      | Goblin1989 the Demonspawn Delver began the quest for the
                  | Orb.
     0 | D:5      | Reached XP level 1. HP: 18/18 MP: 1/1
     7 | D:6      | Found Verobrac's Mayhem Merchandise.
    14 | D:6      | Noticed an orc wizard
    59 | D:6      | Noticed an iguana
    64 | D:6      | Noticed an orc wizard
    64 | D:6      | Noticed an orc priest
   116 | D:6      | Noticed an ogre
   120 | D:6      | Noticed a jelly
   139 | D:5      | Noticed an iguana
   145 | D:5      | Found a staircase to the Ecumenical Temple.
   152 | Temple   | Entered the Ecumenical Temple
   162 | Temple   | Became a worshipper of Xom of Chaos
   180 | D:5      | XOM: silly message
   203 | D:4      | Noticed a scorpion
   223 | D:3      | Found a bloodstained altar of Trog.
   224 | D:3      | Noticed a wizard
   313 | D:3      | Found a stormy altar of Qazlal.
   640 | D:3      | XOM is BORED!
   815 | D:2      | XOM: noise
   816 | D:2      | Discovered your monstrous ancestry.
   816 | D:2      | Gained mutation: You have a pair of small horns on your
                  | head. [demonic ancestry]
   816 | D:2      | Reached XP level 2. HP: 1/24 MP: 2/2
   816 | D:2      | Succumbed to a goblin's poison

Illustrated notes

Levels and vault maps discovered:
D:2:      layout_loops_ring
D:3:      layout_loops_corners, trog_wizard, nemelex_dance_club_becter,
          old_standard_altar, chequers_ecumenical_altar_grove,
          minmay_misc_feat_iff
D:4:      cheibrodos_thug_alley, layout_gridville, serial_glass,
          glass_columns_c, glass_columns_a, serial_shops, shop,
          nicolae_shop_stone, shop, kennysheep_little_box, uniq_edmund
D:5:      layout_basic, lemuel_coloured_pillars_altar, slow_altar_1,
          mainiacjoe_overflow_six_doors_small,
          minmay_temple_entry_statues_pillars
D:6:      layout_loops_ring, minmay_shop_mayhem, kennysheep_decorative_pillar
Temple:   hellmonk_temple_rainy

Skill      XL: |  1 |
---------------+----+-----
Maces & Flails | 2 |  2.5
Fighting       | |  3.0
Dodging        | |  1.7
Stealth        | |  4.5

Action                     || total
---------------------------++-------
  Melee: Mace              ||    30
    Use: Scroll            ||     3
         Potion            ||     2
   Stab: Sleeping          ||     2
 Armour: Leather armour    ||    26
  Dodge: Dodged            ||    23

Table legend: (Time is in decaauts)
 A = Elapsed time spent in this place.
 B = Non-inter-level travel time spent in this place.
 C = Inter-level travel time spent in this place.
 D = Time resting spent in this place.
 E = Time spent auto-exploring this place.
 F = Levels seen in this place.
 G = Mean time per level.
                   A        B        C        D        E       F      G
               +--------+--------+--------+--------+--------+-----+--------+
         Total |    806 |    806 |      0 |    206 |    111 |   6 |  134.3 |
       Dungeon |    785 |    785 |      0 |    206 |    111 |   5 |  157.0 |
        Temple |     20 |     20 |      0 |      0 |      0 |   1 |   20.0 |
               +--------+--------+--------+--------+--------+-----+--------+

Top non-repeatable levels by time:
     D:3: 494 daAuts
     D:6: 131 daAuts
     D:2: 104 daAuts
     D:5: 40 daAuts
  Temple: 20 daAuts
     D:4: 14 daAuts
